AoeStats
← 雙子座ovu/6

Arabia

507672591Analyzed
1v1 RM · 13d ago on Sep 19, 2026· 69m 37s· 2 players
Game mode
Random Map
Map size
Tiny (2 player)
Population
200
Speed
Normal
Resources
Standard
Victory
Conquest
Starting age
Dark Age
Ending age
Imperial Age
RankedLock teamsTeams togetherTeam positionsShared explorationLock speedFull tech treeHidden civsTurbo modeCheats
Victory
Defeat
🇹🇼 Teutons · Taiwan
479
+14
🇹🇷 Turks · Türkiye
437
-14
LeftBacchus1
10:48 Feudal Age
11:20 Town Watch
12:35 Wheelbarrow
13:17 Double-Bit Axe
13:51 Horse Collar
18:44 Gold Mining
18:45 Stone Mining
27:09 Fletching
30:55 Castle Age
29:34 Arson
32:25 Gold Shaft Mining
32:05 Bow Saw
32:01 Heavy Plow
32:34 Town Patrol
33:49 Hand Cart
38:00 Masonry
42:18 Imperial Age
41:10 Fortified Wall
42:09 Bloodlines
45:02 Scale Barding Armor
44:48 Arrowslits
44:54 Guard Tower
45:36 Architecture
45:16 Elite Janissary
46:49 Keep
47:39 Two-Man Saw
47:26 Chain Barding Armor
48:59 Plate Barding Armor
58:14 Bombard Tower
57:50 Murder Holes
雙子座ovu/6
12:39 Feudal Age
13:05 Double-Bit Axe
13:07 Horse Collar
14:59 Loom
19:11 Castle Age
18:08 Bloodlines
20:17 Scale Barding Armor
22:26 Chain Barding Armor
22:34 Heavy Plow
25:42 Bow Saw
28:33 Gold Mining
28:33 Stone Mining
33:33 Imperial Age
31:42 Wheelbarrow
35:20 Capped Ram
35:52 Elite Teutonic Knight
38:39 Stone Shaft Mining
38:29 Ironclad
38:31 Crenellations
38:32 Conscription
38:49 Hoardings
39:37 Crop Rotation
40:10 Two-Man Saw
43:36 Onager
45:27 Forging
45:18 Scale Mail Armor
45:54 Plate Barding Armor
45:43 Squires
45:28 Arson
45:30 Gambesons
46:19 Siege Onager
50:13 Man-at-Arms
51:44 Ballistics
52:25 Chemistry
51:51 Siege Engineers
52:17 Long Swordsman
52:18 Pikeman
53:39 Two-Handed Swordsman
53:39 Halberdier
56:04 Iron Casting
55:44 Chain Mail Armor
55:24 Champion
66:48 Blast Furnace
66:19 Plate Mail Armor
Connection lost

Rejoining the realm…

Still unreachable

The connection could not be restored.

Session expired

The server has moved on; the page needs a fresh start.